 Dungeon Crawl Stone Soup version 0.17-a0-1882-g750edc8 (webtiles) character file.

65 kae the Insei (level 3, -4/28 HPs)
             Began as a Draconian Transmuter on Sept 22, 2015.
             Slain by Natasha (7 damage)
             ... on level 2 of the Dungeon.
             The game lasted 00:01:55 (1465 turns).

kae the Insei (Draconian Transmuter)                Turns: 1465, Time: 00:01:55

Health: -4/28      AC:  7    Str: 12    XL:     3   Next: 92%
Magic:  6/6        EV: 12    Int: 13    God:
Gold:   64         SH:  0    Dex: 12    Spells: 1 memorised, 5 levels left

rFire  . . .     SeeInvis .       - Unarmed
rCold  . . .     Clarity  +     (armour unavailable)
rNeg   . . .     SustAt   .     (no shield)
rPois  .         Gourm    .     (helmet restricted)
rElec  .         Spirit   .     (no cloak)
rCorr  .         Warding  .     (no gloves)
rMut   .         Stasis   .     f - +1 pair of boots
MR     +....                    k - amulet of clarity
Stlth  +.........               (no ring)
                                l - ring of protection from magic

@: somewhat resistant to hostile enchantments, very unstealthy
A: unfitting armour, cold-blooded, AC +5
a: no special abilities


You were on level 2 of the Dungeon.
You were not hungry.

You visited 1 branch of the dungeon, and saw 2 of its levels.

You collected 64 gold pieces.

Inventory:

Missiles
 a - 12 arrows
Armour
 f - a +1 pair of boots (worn)
Jewellery
 k - an amulet of clarity (around neck)
 l - a ring of protection from magic (left hand)
Scrolls
 d - 2 scrolls of recharging {unknown}
 g - a scroll of random uselessness {unknown}
 i - a scroll of teleportation {unknown}
 p - a scroll of identify {unknown}
 q - a scroll of remove curse {unknown}
Potions
 e - 3 potions of lignification {unknown}
 h - 2 potions of magic {unknown}
 j - a potion of ambrosia {unknown}
 m - a potion of haste {unknown}
 n - 2 potions of invisibility {unknown}
 o - a potion of brilliance {unknown}
Books
 b - a book of Changes

   Spells                             Type                      Level
   a - Beastly Appendage              Transmutation                1
   b - Sticks to Snakes               Transmutation                2
   c - Spider Form                    Transmutation/Poison         3
   d - Ice Form                       Ice/Transmutation            4
   e - Blade Hands                    Transmutation                5
Comestibles
 c - 2 bread rations
 r - 2 fruits


   Skills:
 - Level 1.1 Fighting
 - Level 1.7 Dodging
 + Level 4.8 Unarmed Combat
 - Level 2.0 Spellcasting
 - Level 2.0 Transmutations


You had 5 spell levels left.
You knew the following spells:

 Your Spells              Type           Power        Failure   Level  Hunger
a - Beastly Appendage     Trmt           #.....       12%         1    ##.....


Dungeon Overview and Level Annotations

Branches:
Dungeon (2/15)

Altars:

Annotations:
D:2 Natasha


Innate Abilities, Weirdness & Mutations

Your plain brown scales are hard (AC +5).
Your body does not fit into most forms of armour.
You are cold-blooded and may be slowed by cold attacks.


Message History

Natasha completely misses you.
You barely miss Natasha.
Your tail-slap misses Natasha.
Natasha is heavily wounded.
Natasha claws you.
You hit Natasha but do no damage.
Your tail-slap misses Natasha.
Natasha is heavily wounded.
Natasha closely misses you.
You closely miss Natasha.
Natasha is heavily wounded.
Natasha claws you!
* * * LOW HITPOINT WARNING * * *
You are too injured to fight recklessly!
You are too injured to fight recklessly!
You are too injured to fight recklessly!
You are too injured to fight recklessly!
You are too injured to fight recklessly!
You hit Natasha but do no damage.
Your tail-slap misses Natasha.
Natasha is heavily wounded.
Natasha claws you!
You die...

##.##..##
.......<
.........##
####.#.#
###.......#
#.#.#
#.###.#.#
...... #.
#.#.# ####.#
# #§#.# #.
##.#.# #.
##....#
#h@...#
...........#
.###.#.....#
#.........
#####.####.#
#.# .. #.# .
## ## #.# #.
.#
######.♣.#


You could see Natasha.

Vanquished Creatures
  An adder (D:2)
  A gnoll (D:2)
  A giant gecko (D:1)
  2 giant cockroaches
  5 goblins
  5 hobgoblins
  5 kobolds
  5 bats
  5 giant newts
  8 jackals (D:1)
  5 rats
43 creatures vanquished.

Notes
Turn   | Place    | Note
--------------------------------------------------------------
     0 | D:1      | kae the Draconian Transmuter began the quest for the Orb.
     0 | D:1      | Reached XP level 1. HP: 16/16 MP: 3/3
   273 | D:1      | Reached XP level 2. HP: 15/23 MP: 3/5
   734 | D:1      | Reached skill level 4 in Unarmed Combat
   864 | D:1      | Reached XP level 3. HP: 28/28 MP: 6/6
  1453 | D:2      | Noticed Natasha
  1465 | D:2      | Slain by Natasha

Vault maps used:
D:1:      dpeg_arrival_boxes_within_box
D:2:      cheibriados_altar_1, grunt_ministairs_4, kennysheep_generic_room_13,
          uniq_natasha, uniq_terence, uniq_sigmund, uniq_iyjb

Action                   || total
-------------------------++-------
Melee: Unarmed           ||   205
 Cast: Beastly Appendage ||     4
  Eat: Chunk             ||     2
